Map: Heavy Artillery LE

Players

Hodunki

  • Race: Protoss Protoss
  • League: Platinum
  • Spawn Location: 7:00

Max

  • Race: Zerg Zerg
  • League: Platinum
  • Spawn Location: 7:00

Massa - Winner!

  • Race: Terran Terran
  • League: Platinum
  • Spawn Location: 3:00

qqq - Winner!

  • Race: Protoss Protoss
  • League: Platinum
  • Spawn Location: 1:00

VOD

Have the link to the VOD?

Description

Time

  • Played on: Sept. 27, 2020, 6:11 a.m.
  • Length: 15:29
Show
View Real Time Build Order
Export as new Build Order

Hodunki Protoss 

Build Orders: Cannon Rush, Carriers 

Get SALT Encoding   

  12  0:00  Probe (Chrono Boost)  
  13  0:14  Pylon  
  13  0:16  Probe  
  14  0:28  Probe  
  15  0:36  Forge  
  15  0:51  Gateway  
  15  0:56  Gateway  
  15  1:00  Pylon  
  15  1:15  Probe  
  16  1:27  Probe  
  16  1:32  Photon Cannon  
  17  1:34  Photon Cannon  
  16  1:49  Photon Cannon  
  16  2:15  Probe  
  16  2:25  Assimilator  
  16  2:27  Probe  
  17  2:30  Cybernetics Core  
  17  2:39  Probe  
  18  2:48  Assimilator  
  18  2:52  Probe (Chrono Boost)  
  19  3:04  Probe (Chrono Boost)  
  20  3:11  Probe (Chrono Boost)  
  21  3:23  Probe, Nexus  
  22  3:31  Stalker  
  24  3:34  Warp Gate (Chrono Boost)  
  24  3:35  Probe  
  25  3:51  Stargate  
  25  3:54  Probe  
  26  4:08  Probe  
  27  4:22  Shield Battery  
  27  4:24  Pylon  
  27  4:29  Probe  
  28  4:32  Pylon  
  28  4:42  Fleet Beacon  
  28  4:44  Probe  
  29  4:56  Probe  
  30  5:02  Probe  
  31  5:09  Probe, Stargate  
  32  5:14  Assimilator  
  32  5:19  Assimilator  
  32  5:22  Pylon  
  32  5:45  Carrier (Chrono Boost)  
  38  5:52  Photon Cannon  
  38  5:57  Photon Cannon  
  38  5:58  Probe x2  
  40  6:17  Carrier (Chrono Boost)  
  46  6:24  Probe x2  
  48  6:29  Protoss Air Weapons Level 1 (Chrono Boost)  
  48  6:43  Carrier (Chrono Boost)  
  54  6:58  Nexus  
  54  7:02  Probe  
  54  7:04  Probe  
  56  7:19  Stalker  
  58  7:38  Pylon  
  58  7:46  Probe x2  
  58  7:49  Pylon  
  60  7:56  Carrier  
  67  7:58  Probe  
  67  8:04  Stalker  
  69  8:14  Photon Cannon  
  69  8:16  Shield Battery  
  69  8:17  Probe x2  
  69  8:18  Shield Battery  
  69  8:19  Probe  
  72  8:30  Probe x2  
  74  8:36  Probe  
  74  8:40  Protoss Shields Level 1 (Chrono Boost)  
  75  8:42  Probe  
  76  8:48  Probe  
  76  8:49  Probe  
  76  8:54  Probe  
  79  8:56  Protoss Air Weapons Level 2 (Chrono Boost)  
  79  8:59  Carrier  
  79  9:01  Probe  
  86  9:15  Carrier  
  92  9:22  Probe  
  93  9:27  Pylon  
  93  9:31  Pylon  
  93  9:34  Assimilator  
  93  9:45  Probe x2  
  95  9:58  Mothership (Chrono Boost)  
  95  10:03  Carrier  
  109  10:14  Stargate  
  109  10:33  Pylon  
  109  10:52  Probe x2  
  117  10:58  Carrier (Chrono Boost)  
  116  11:04  Probe  
  117  11:18  Nexus  
  117  11:21  Pylon  
  117  11:23  Pylon  
  117  11:32  Pylon  
  117  11:35  Pylon  
  117  11:38  Carrier (Chrono Boost), Phoenix (Chrono Boost)  
  117  11:39  Protoss Air Weapons Level 3 (Chrono Boost)  
  125  11:43  Photon Cannon  
  125  11:45  Photon Cannon  
  125  11:48  Shield Battery  
  125  11:50  Carrier, Shield Battery  
  125  11:51  Carrier  
  125  11:53  Shield Battery  
  143  12:55  Carrier  
  149  12:58  Probe  
  149  12:59  Probe x3  
  111  13:16  Void Ray  
  105  13:20  Void Ray, Flux Vanes  
  99  13:38  Assimilator  
  99  13:45  Assimilator  
  99  13:53  Void Ray  
  99  13:54  Void Ray  
  99  13:57  Void Ray  
  107  14:06  Stargate  
  111  14:16  Nexus  
  103  14:30  Void Ray  
  103  14:31  Void Ray  
Show
View Real Time Build Order
Export as new Build Order

Max Zerg 

Build Orders: Pool First, Lurkers 

Get SALT Encoding   

  12  0:01  Drone  
  13  0:17  Drone  
  13  0:20  Overlord  
  14  0:38  Drone  
  14  0:39  Drone  
  14  0:41  Drone  
  17  0:56  Spawning Pool  
  16  1:13  Hatchery  
  16  1:18  Extractor, Drone  
  16  1:21  Drone  
  16  1:23  Drone  
  17  1:45  Roach Warren, Queen  
  18  1:50  Drone  
  19  1:59  Zergling x4  
  21  2:13  Drone  
  21  2:14  Overlord  
  22  2:26  Roach  
  22  2:29  Queen  
  26  2:37  Roach  
  26  2:44  Extractor  
  27  2:50  Roach  
  29  2:59  Roach  
  31  3:09  Roach  
  31  3:16  Queen  
  33  3:28  Ravager  
  33  3:29  Ravager  
  30  3:37  Roach x2  
  34  3:57  Roach  
  34  4:01  Overlord  
  36  4:18  Queen  
  38  4:25  Roach  
  38  4:26  Roach x2  
  38  4:30  Overlord  
  21  5:36  Drone x3  
  21  5:37  Drone  
  21  5:38  Hatchery  
  24  5:45  Lair  
  24  5:47  Drone x3  
  27  5:55  Roach  
  29  6:04  Hatchery  
  28  6:19  Metabolic Boost  
  28  6:22  Drone  
  28  6:23  Drone  
  28  6:24  Overlord  
  28  6:25  Overlord  
  30  6:54  Drone x4  
  30  6:55  Drone x2, Hydralisk Den  
  30  7:00  Queen  
  37  7:08  Overlord  
  37  7:16  Spine Crawler  
  32  7:25  Roach  
  32  7:26  Roach  
  36  7:31  Spore Crawler  
  35  7:40  Drone x2  
  35  7:41  Drone  
  36  8:06  Hydralisk x5  
  36  8:10  Drone x2  
  48  8:16  Grooved Spines  
  48  8:26  Pneumatized Carapace  
  48  8:33  Lurker Den  
  47  8:39  Drone x4, Infestation Pit  
  47  8:40  Drone  
  51  8:42  Extractor  
  51  8:45  Extractor  
  49  8:50  Glial Reconstitution  
  49  8:52  Drone x2  
  51  9:02  Drone x3  
  54  9:05  Drone  
  54  9:09  Overlord  
  55  9:22  Hydralisk  
  57  9:28  Overlord x2  
  57  9:29  Drone x2  
  59  9:47  Extractor, Drone x2  
  59  9:48  Drone x2, Extractor  
  59  9:49  Drone x2  
  63  9:59  Drone x2  
  65  10:00  Drone  
  65  10:01  Hydralisk x3  
  72  10:10  Hive  
  72  10:13  Muscular Augments  
  72  10:17  Drone  
  72  10:18  Drone  
  72  10:19  Drone  
  72  10:21  Drone  
  76  10:23  Overlord  
  76  10:30  Queen  
  76  10:33  Queen  
  80  10:45  Drone x2  
  82  10:52  Lurker  
  82  10:53  Lurker x4  
  87  11:16  Pathogen Glands, Evolution Chamber  
  87  11:17  Infestor x2, Evolution Chamber  
  89  11:37  Overlord x2  
  89  11:38  Overlord x3  
  89  11:39  Overlord  
  89  11:49  Overlord x2  
  89  12:45  Seismic Spines  
  89  12:48  Drone x2  
  91  12:58  Hatchery  
  79  13:19  Hydralisk  
  61  13:20  Hydralisk x4, Spire, Roach x2  
  61  13:21  Roach x3  
  78  13:33  Zerg Missile Weapons Level 1  
  78  13:35  Zerg Ground Armor Level 1  
  78  13:36  Hydralisk x3  
  84  13:42  Adaptive Talons  
  84  13:52  Viper x4  
  84  13:53  Hatchery  
  95  13:58  Lurker x4  
  95  13:59  Lurker  
  95  14:00  Hydralisk x4  
  95  14:01  Hydralisk x2  
  113  14:03  Lurker  
  113  14:12  Overseer  
  113  14:13  Overseer  
Show
View Real Time Build Order
Export as new Build Order

Massa Terran - Winner!

Build Orders:  

Get SALT Encoding   

  12  0:00  SCV  
  13  0:12  SCV  
  14  0:19  Supply Depot  
  14  0:24  SCV  
  15  0:41  SCV  
  15  0:42  Barracks  
  16  0:47  Refinery  
  16  0:53  SCV  
  17  1:05  SCV  
  18  1:24  Barracks  
  18  1:27  Barracks  
  18  1:31  Barracks  
  18  1:33  Marine  
  19  1:43  Supply Depot  
  19  1:48  SCV  
  20  1:59  Marine  
  21  2:04  SCV  
  22  2:16  Marine  
  22  2:21  Marine x2  
  25  2:24  Marine  
  26  2:34  Marine  
  27  2:38  Marine  
  27  2:39  Marine  
  27  2:41  Supply Depot  
  27  2:42  Marine  
  30  2:55  Barracks Tech Lab  
  28  3:14  Marauder, Marine x2  
  28  3:15  Marine  
  30  3:35  Marine x3  
  30  3:36  Marauder  
  31  3:53  Marine x3  
  34  3:57  Marauder, Concussive Shells  
  36  4:19  Marauder  
  37  4:26  Orbital Command, Factory  
  37  4:29  Marine x2  
  39  4:40  Supply Depot  
  39  4:42  Engineering Bay  
  39  4:51  Marine  
  39  4:59  Marine  
  39  5:01  Marine  
  39  5:02  Marauder  
  42  5:28  Factory Tech Lab  
  42  5:33  Starport  
  42  5:36  Barracks Reactor  
  42  5:37  Barracks Reactor x2, Command Center  
  42  5:40  Stimpack  
  42  5:56  Refinery  
  42  5:57  Terran Infantry Weapons Level 1  
  42  6:06  Missile Turret  
  42  6:09  Missile Turret  
  42  6:11  Missile Turret  
  42  6:16  Missile Turret  
  42  6:18  Starport Reactor  
  42  6:25  SCV  
  43  6:37  SCV  
  44  6:52  Orbital Command  
  44  7:20  Combat Shield  
  44  7:32  Viking x2  
  44  7:35  Marine x3  
  44  7:36  Marine x4  
  55  7:45  Orbital Command  
  55  7:46  SCV  
  56  7:53  Marine x4  
  60  7:58  SCV  
  61  8:07  Supply Depot  
  61  8:10  SCV  
  62  8:17  Supply Depot  
  62  8:18  Terran Infantry Armor Level 1  
  62  8:29  SCV x2, Viking x2  
  68  8:41  SCV  
  68  8:46  SCV  
  70  8:53  Refinery, SCV  
  71  8:58  SCV  
  71  8:59  Viking x2  
  76  9:02  Armory  
  76  9:05  SCV  
  77  9:21  SCV  
  78  9:29  Supply Depot  
  78  9:30  Supply Depot  
  78  9:34  Command Center  
  78  9:38  Supply Depot  
  78  9:51  SCV x2, Viking x2  
  78  9:52  Thor  
  90  10:14  Refinery  
  90  10:29  Factory  
  90  10:34  Thor  
  96  10:53  Smart Servos  
  96  10:58  Terran Infantry Armor Level 2  
  96  11:00  Terran Vehicle Weapons Level 1  
  95  11:18  SCV x2  
  96  11:23  Marine  
  96  11:24  Marine x6  
  104  11:29  Factory Tech Lab  
  104  11:30  SCV x2, Thor  
  112  11:41  Marine  
  112  11:42  Marine x4  
  117  12:00  Armory  
  117  12:06  Supply Depot  
  117  12:08  Supply Depot  
  117  12:10  Supply Depot  
  117  12:14  Supply Depot  
  117  12:19  Supply Depot  
  117  12:28  Marine x2, Thor  
  117  12:29  SCV x2, Marine x5  
  132  12:30  Orbital Command  
  132  12:42  SCV x2  
  134  12:45  Marine  
  134  12:46  Marine  
  134  12:47  Marine x3  
  134  12:48  Thor  
  145  12:54  SCV x2, Terran Vehicle And Ship Armor Level 1  
  148  13:05  Marauder  
  148  13:06  SCV x2  
  106  13:18  SCV x2  
  108  13:27  Marauder  
  108  13:28  Marine x3  
  108  13:29  Marine x3  
  108  13:30  Thor  
  120  13:46  Marine x6  
  128  13:48  Marauder  
  128  13:53  Drilling Claws  
  128  13:57  Viking x2  
  132  14:04  Marine x6  
  140  14:10  Marauder  
  137  14:21  Marine  
  135  14:27  Viking  
  135  14:31  Marauder  
  138  14:36  Marine  
  138  14:37  Marine x4  
  143  14:39  Marine  
  144  14:52  Marauder  
  146  14:54  Marine x4  
  146  14:55  Marine  
  146  14:57  Marine  
  135  15:29  Command Center  
Show
View Real Time Build Order
Export as new Build Order

qqq Protoss - Winner!

Build Orders: Cannon Rush 

Get SALT Encoding   

  12  0:01  Probe  
  13  0:13  Probe  
  14  0:25  Probe, Pylon  
  15  0:43  Probe  
  15  0:45  Forge  
  16  0:55  Probe  
  17  1:06  Pylon  
  17  1:07  Probe, Pylon  
  18  1:24  Pylon  
  18  1:31  Photon Cannon  
  18  1:41  Photon Cannon  
  18  1:56  Photon Cannon  
  17  2:21  Photon Cannon  
  17  2:28  Probe  
  18  2:30  Gateway  
  18  2:40  Probe  
  19  2:46  Nexus  
  19  2:55  Pylon  
  19  2:59  Assimilator  
  19  3:01  Assimilator  
  19  3:03  Probe  
  20  3:15  Probe  
  21  3:22  Cybernetics Core  
  21  3:27  Probe  
  22  3:39  Probe  
  23  3:52  Probe  
  24  3:58  Photon Cannon  
  24  4:04  Probe  
  24  4:05  Shield Battery  
  24  4:07  Stalker (Chrono Boost)  
  27  4:16  Probe  
  28  4:24  Probe, Pylon  
  29  4:36  Probe  
  30  4:48  Probe  
  31  5:08  Probe  
  31  5:11  Stargate  
  31  5:13  Stargate  
  32  5:20  Probe  
  33  5:26  Photon Cannon  
  33  5:30  Photon Cannon  
  33  5:32  Probe  
  34  5:39  Nexus  
  34  5:45  Probe x2  
  36  5:55  Phoenix (Chrono Boost)  
  39  5:57  Probe  
  39  6:02  Pylon  
  39  6:03  Phoenix (Chrono Boost)  
  39  6:09  Probe  
  39  6:11  Probe  
  43  6:16  Phoenix (Chrono Boost)  
  45  6:21  Probe  
  45  6:23  Probe  
  45  6:25  Phoenix  
  49  6:33  Probe  
  49  6:36  Photon Cannon  
  49  6:38  Phoenix  
  51  6:50  Phoenix  
  51  6:53  Probe  
  54  6:55  Assimilator  
  54  6:57  Probe x2  
  54  6:59  Assimilator  
  56  7:03  Phoenix  
  56  7:05  Probe  
  59  7:09  Probe x2  
  61  7:16  Protoss Air Weapons Level 1 (Chrono Boost)  
  61  7:18  Probe  
  61  7:22  Probe  
  63  7:30  Probe  
  63  7:34  Probe  
  65  7:37  Fleet Beacon  
  65  7:42  Probe  
  66  7:44  Assimilator  
  66  7:46  Probe, Assimilator  
  67  7:54  Probe  
  67  7:58  Probe  
  69  8:10  Probe  
  74  8:22  Probe  
  74  8:24  Tempest, Pylon  
  76  8:29  Pylon  
  76  8:32  Nexus  
  76  8:33  Pylon x2  
  76  8:34  Pylon  
  76  8:36  Pylon  
  76  8:38  Probe  
  76  8:39  Pylon  
  77  8:42  Pylon  
  77  8:45  Tempest  
  82  8:50  Probe  
  82  8:51  Nexus  
  82  8:54  Pylon  
  83  9:02  Probe  
  84  9:08  Tempest  
  89  9:12  Pylon  
  89  9:13  Pylon  
  89  9:14  Probe  
  90  9:23  Photon Cannon  
  90  9:26  Probe  
  90  9:28  Tempest  
  96  9:32  Anion Pulse-Crystals  
  96  9:38  Protoss Air Armor Level 1  
  96  9:44  Photon Cannon  
  96  9:47  Photon Cannon  
  96  9:51  Tempest  
  101  9:52  Photon Cannon  
  101  9:54  Probe  
  102  10:01  Stargate  
  102  10:07  Probe  
  103  10:11  Tempest  
  108  10:18  Probe  
  108  10:19  Probe  
  110  10:27  Nexus  
  110  10:29  Robotics Facility  
  110  10:32  Probe (Chrono Boost)  
  110  10:33  Mothership (Chrono Boost)  
  110  10:34  Tempest, Probe (Chrono Boost)  
  126  10:44  Tempest  
  126  10:46  Probe (Chrono Boost)  
  126  10:47  Probe (Chrono Boost)  
  132  10:54  Probe, Pylon  
  132  10:55  Probe  
  132  10:56  Pylon  
  134  10:59  Photon Cannon  
  134  11:00  Photon Cannon  
  134  11:05  Pylon  
  134  11:06  Probe, Photon Cannon  
  134  11:07  Probe  
  134  11:10  Tempest  
  141  11:17  Observer (Chrono Boost)  
  142  11:18  Probe  
  142  11:25  Tempest  
  148  11:30  Probe x2, Observer (Chrono Boost)  
  151  11:37  Carrier  
  157  11:42  Probe x2, Photon Cannon  
  157  11:44  Photon Cannon  
  157  11:45  Protoss Air Weapons Level 2  
  159  11:49  Observer, Photon Cannon x2  
  159  11:53  Probe, Pylon  
  161  11:54  Probe x2  
  161  11:56  Shield Battery  
  163  12:05  Tempest, Probe  
  163  12:06  Probe  
  163  12:07  Probe, Tempest  
  176  12:11  Observer  
  177  12:17  Probe  
  177  12:18  Probe  
  177  12:19  Probe  
  180  12:23  Assimilator  
  180  12:26  Assimilator  
  180  12:29  Probe  
  167  12:31  Probe  
  167  12:32  Observer  
  168  12:41  Tempest, Probe  
  168  12:43  Probe, Photon Cannon  
  165  12:44  Photon Cannon  
  165  12:47  Photon Cannon  
  165  12:48  Tempest  
  165  12:50  Tempest, Shield Battery  
  175  12:53  Probe  
  175  12:55  Probe  
  170  13:23  Tempest  
  175  13:31  Carrier  
  175  13:34  Carrier  
  187  13:35  Probe  
  187  13:39  Nexus  
  187  13:40  Probe  
  189  13:42  Pylon  
  189  13:43  Pylon  
  189  13:47  Probe, Pylon  
  190  13:49  Assimilator  
  190  13:52  Probe, Pylon, Assimilator  
  190  13:55  Pylon  
  191  13:57  Pylon  
  191  13:59  Probe  
  192  14:04  Probe  
  193  14:11  Probe  
  193  14:16  Probe  
  195  14:23  Probe  
  196  14:29  Probe  
Tags
 
Add a new tag
Caveats
  • Supply blocks, unpowered buildings, or Contaminate may cause inaccurate times.
  • Supply counts are checked every 10 seconds.